 Dungeon Crawl Stone Soup version 0.31-a0-1589-g8f5e8aebd6 (webtiles) character file.

Game seed: 13093572177652471175

38 monsoonserge the Caller (level 3, 19/19 HPs)
             Began as a Tengu Summoner on Jan 5, 2024.
             Was an Initiate of Elyvilon.
             Quit the game on level 4 of the Dungeon.
             The game lasted 00:05:14 (923 turns).

monsoonserge the Caller (Tengu Summoner)             Turns: 923, Time: 00:05:15

Health: 19/19      AC:  3    Str:  8    XL:     3   Next: 43%
Magic:  7/7        EV: 27    Int: 17    God:    Elyvilon [......]
Gold:   49         SH:  0    Dex: 14    Spells: 0/6 levels left

rFire   . . .        k - +4 dagger
rCold   . . .        (no shield)
rNeg    . . .        j - +0 leather armour
rPois   .            (helmet restricted)
rElec   .            (no cloak)
rCorr   .            (no gloves)
SInv    .            (boots unavailable)
Will    .....        (no amulet)
Stlth   ++           (no ring)
HPRegen 0.23/turn    (no ring)
MPRegen 0.10/turn

%: acrobat
@: acrobatic
A: beak, talons 3, acrobatic
a: Renounce Religion


You were on level 4 of the Dungeon.
You worshipped Elyvilon.
Elyvilon was noncommittal.
You visited 1 branch of the dungeon, and saw 3 of its levels.

You collected 49 gold pieces.

Inventory:

Hand Weapons
 d - a +0 sling
 k - a +4 dagger (weapon)
Missiles
 h - 8 poisoned darts
 n - 5 boomerangs (quivered)
Armour
 j - a +0 leather armour (worn)
 l - a +0 ring mail
Scrolls
 e - a scroll of blinking {unknown}
 f - 6 scrolls of immolation
 g - a scroll of identify {unknown}
 m - a scroll of teleportation
 o - a scroll of revelation {unknown}
Potions
 a - a potion of curing {unknown}
 b - a potion of magic
 c - a potion of degeneration {unknown}
 i - a potion of resistance {unknown}


   Skills:
 + Level 0.2 Fighting
 + Level 0.6 Polearms
 + Level 0.5 Ranged Weapons
 * Level 0.2 Armour
 + Level 2.5 Dodging
 + Level 2.2 Stealth
 + Level 2.0 Spellcasting
 + Level 5.5 Summonings


You couldn't memorise any spells.
You knew the following spells:

 Your Spells              Type           Power      Damage    Failure   Level
a - Summon Small Mammal   Summ           80%        N/A       2%          1
b - Call Imp              Summ           40%        N/A       4%          2
c - Call Canine Familiar  Summ           20%        N/A       9%          3

Your spell library contained the following spells:

 Spells                   Type           Power      Damage    Failure   Level
 Summon Blazeheart Golem  Fire/Summ      11%        N/A       65%         4
 Summon Lightning Spire   Summ/Air       11%        N/A       65%         4


Dungeon Overview and Level Annotations

Branches:
Dungeon (2/15)

Altars:
Elyvilon


Innate Abilities, Weirdness & Mutations

You have a beak for a mouth.
You have claws for feet.
You can magically evade attacks while moving or waiting.


Message History

The giant cockroach misses you.
The giant cockroach bites you but does no damage.
You barely miss the giant cockroach. You claw the giant cockroach.
You kill the giant cockroach!
You see here a giant cockroach corpse.
Found a scroll labelled LETUWIEXZISCH.
o - a scroll labelled MIAMAUBAOLL
There are no items here.
Casting: Summon Small Mammal (safe; 2% risk of failure)
Confirm with . or Enter, or press ? or * to list all spells.
Okay, then.
Found a mace.
There is a stone staircase leading down here.
m - 2 scrolls labelled LETUWIEXZISCH (gained 1)
There are no items here.
Found a leather armour.
Okay, then.
You open the door.
There is an open door here.
f - 7 scrolls labelled LIOTARPHARER (gained 1)
You open the door.
There is an open door here.
h - 8 poisoned darts (gained 6)
You see here a +0 mace.
There is a white marble altar of Elyvilon here.
You kneel at the altar of Elyvilon.
Elyvilon welcomes you!
Casting: Summon Small Mammal (safe; 2% risk of failure)
Confirm with . or Enter, or press ? or * to list all spells.
Okay, then.
As you read the scroll labelled LIOTARPHARER, it crumbles to dust.
The air around you briefly surges with heat, but it dissipates.
It was a scroll of immolation.
Unknown command.
Press < or > to pray at altars.
As you read the scroll labelled LETUWIEXZISCH, it crumbles to dust.
You feel strangely unstable.
It was a scroll of teleportation.
There is a white marble altar of Elyvilon here.
Your surroundings suddenly seem different.
Are you sure you want to abandon this character and quit the game? (Confirm with "yes".)

############ ..........#
#........#
#........############
###....................
...........#........... #..
###....##.#.....)_.... #...
#...†##.#..........# #....
#..@.##.#........... #....
#..####.#####....#..
#....###.#####.#####....#..
.......>..................
##.#.....####.#####....###
#.....####.#####....#
#.......##......#####
#.......#######.#######
#......................


There were no monsters in sight!

Vanquished Creatures
  An adder (D:2)
  A dart slug (D:2)
  An orc (D:4)
  A bat (D:1)
  2 endoplasms
  2 giant cockroaches
  A goblin (D:2)
  A hobgoblin (D:1)
  2 jackals (D:1)
  3 kobolds
  A rat (D:1)
16 creatures vanquished.

Vanquished Creatures (collateral kills)
  A dart slug (D:1)
  A bat (D:1)
  2 giant cockroaches (D:1)
  A kobold (D:1)
  A rat (D:1)
6 creatures vanquished.

Grand Total: 22 creatures vanquished

Notes
Turn   | Place    | Note
-------+----------+-------------------------------------------
     0 | D:1      | monsoonserge the Tengu Summoner began the quest for the
                  | Orb.
     0 | D:1      | Reached XP level 1. HP: 10/10 MP: 4/4
    53 | D:1      | Reached skill level 5 in Summonings
   181 | D:1      | Reached XP level 2. HP: 15/15 MP: 6/6
   568 | D:2      | Reached XP level 3. HP: 14/19 MP: 4/7
   751 | D:2      | You fall into a shaft and drop 2 floors!
   754 | D:4      | Found a white marble altar of Elyvilon.
   794 | D:4      | Learned a level 2 spell: Call Imp
   798 | D:4      | Learned a level 3 spell: Call Canine Familiar
   915 | D:4      | Became a worshipper of Elyvilon the Healer
   923 | D:4      | Quit the game

Illustrated notes

Levels and vault maps discovered:
D:1:      giann_forest_graveyard, layout_basic
D:2:      layout_loops_ring, nicolae_ecumenical_lake_church, minivault_11,
          uniq_sigmund
D:4:      layout_basic, overflow_temple_1_default, overflow_temple_1_default,
          uniq_menkaure

Skill      XL: |  1 |
---------------+----+-----
Summonings     | 5 |  5.5
Fighting       | |  0.2
Polearms       | |  0.6
Ranged Weapons | |  0.5
Armour         | |  0.2
Dodging        | |  2.5
Stealth        | |  2.2
Spellcasting   | |  2.0

Action                     || total
---------------------------++-------
  Melee: Spear             ||    22
         Kick              ||     8
         Peck              ||     7
         Punch             ||     1
         Dagger            ||    20
   Fire: Sling             ||     6
   Cast: Summon Small Mamm ||    17
    Use: Scroll            ||     2
   Stab: Sleeping          ||     2
 Armour: Robe              ||     7
         Leather armour    ||    17
  Dodge: Dodged            ||    26

Table legend: (Time is in decaauts)
 A = Elapsed time spent in this place.
 B = Non-inter-level travel time spent in this place.
 C = Inter-level travel time spent in this place.
 D = Time resting spent in this place.
 E = Time spent auto-exploring this place.
 F = Levels seen in this place.
 G = Mean time per level.
                   A        B        C        D        E       F      G
               +--------+--------+--------+--------+--------+-----+--------+
         Total |    925 |    913 |     12 |     54 |    395 |   3 |  308.3 |
       Dungeon |    925 |    913 |     12 |     54 |    395 |   3 |  308.3 |
               +--------+--------+--------+--------+--------+-----+--------+

Top non-repeatable levels by time:
     D:1: 548 daAuts
     D:2: 204 daAuts
     D:4: 171 daAuts
